 Dungeon Crawl Stone Soup version 0.18.1-6-gd335043 (webtiles) character file.

275 IcyTea the Bolt Thrower (level 6, 0/44 HPs)
             Began as a Demonspawn Hunter on May 16, 2016.
             Was a Follower of Nemelex Xobeh.
             Succumbed to a worker ant's poison
             ... on level 3 of the Dungeon on May 19, 2016.
             The game lasted 00:20:23 (4803 turns).

IcyTea the Bolt Thrower (Demonspawn Hunter)         Turns: 4803, Time: 00:20:24

Health: 0/44       AC:  6    Str: 12      XL:     6   Next: 3%
Magic:  1/6        EV:  9    Int: 14 (15) God:    Nemelex Xobeh [*.....]
Gold:   126        SH:  0    Dex: 13      Spells: 0 memorised, 5 levels left

rFire  . . .     SeeInvis .     b - +0 flail
rCold  . . .     Gourm    .     m - +0 scale mail
rNeg   . . .     Faith    .     (no shield)
rPois  .         Spirit   +     (helmet restricted)
rElec  .         Dismiss  .     (no cloak)
rCorr  .         Reflect  .     (no gloves)
SustAt .         Harm     .     (no boots)
MR     .....                    e - amulet of guardian spirit
Stlth  ..........               (no ring)
                                (no ring)

@: lethally poisoned (0 -> -9), cleaving, not resistant to hostile enchantments,
extremely unstealthy
A: claws 2, hooves 2, horns 1
a: Renounce Religion


You were on level 3 of the Dungeon.
You worshipped Nemelex Xobeh.
Nemelex Xobeh was aware of your devotion.
You were near starving.

You visited 1 branch of the dungeon, and saw 4 of its levels.

You collected 165 gold pieces.
You spent 39 gold pieces at shops.

Inventory:

Hand Weapons
 a - a +1 hand crossbow
 b - a +0 flail (weapon)
Missiles
 d - 35 bolts
Armour
 m - a +0 scale mail (worn)
Jewellery
 e - an amulet of guardian spirit (around neck)
Scrolls
 c - 2 scrolls of enchant armour
 h - 2 scrolls of remove curse
 k - a scroll of recharging
 l - a scroll of identify
 r - a scroll of teleportation
 t - a scroll of magic mapping {unknown}
Potions
 s - a potion of magic
Miscellaneous
 n - a plain deck of war {drawn: 1}
 p - a plain deck of wonders {Dowsing}
 q - a plain deck of destruction
Comestibles
 f - 2 bread rations
 g - 2 meat rations
 i - 10 fruits
 j - a slice of pizza


   Skills:
 - Level 2.0 Fighting
 + Level 3.9 Maces & Flails
 - Level 5.1 Crossbows
 - Level 1.7 Dodging
 - Level 0.8 Stealth


You had 5 spell levels left.
You didn't know any spells.

Dungeon Overview and Level Annotations

Branches:
Dungeon (4/15)
 Temple: D:4-7

Altars:
Elyvilon
Nemelex Xobeh
Okawaru
Qazlal
Ru

Shops:
D:4 ?


Innate Abilities, Weirdness & Mutations

You have very sharp fingernails.
You have hoof-like feet.
You have a pair of small horns on your head.


Message History

You are poisoned.
The worker ant poisons you! The gnoll hits you.
* * * LOW HITPOINT WARNING * * *
You feel sick. The gnoll hits you but does no damage.
The gnoll hits you but does no damage.
You feel sick. The worker ant bites you.
* * * LOW HITPOINT WARNING * * *
You are lethally poisoned!
The worker ant poisons you!
Drink which item? (? for menu, Esc to quit)
It was a potion of magic.
Magic courses through your body.
* * * LOW HITPOINT WARNING * * *
You feel sick. The worker ant bites you. The gnoll hits you.
* * * LOW HITPOINT WARNING * * *
That item cannot be evoked!
Evoke which item? (* to show all) (? for menu, Esc to quit)
You draw a card...
It is the Blade.
Your +0 flail looks oddly sharp.
You die...
Your body disappears without a glow.

.................# #.#
#####..........#####.#
###.#.#............#
#..........#########
###.#.#.#....#
......#.#)...###########
.......................#
..................######
#.#..#..#..#.##.@.#
#.#..#..#..#.##ga.#
.............##...#
#.#..#...........>#
#.#.....#..#.##...#####
...........#.##...<...#
###.##............#####
...........#.##.#.#
##...........##.#.#


You could see a worker ant and a gnoll.

Vanquished Creatures
  2 crimson imps (D:4)
  5 gnolls
  5 adders (D:3)
  An ooze (D:2)
  A worm (D:2)
  2 dart slugs
  3 giant geckos
  8 orcs
  14 bats
  4 giant cockroaches
  8 hobgoblins
  3 jackals (D:3)
  9 kobolds
  A quokka (D:2)
  2 ball pythons
  5 giant newts
  9 goblins
  8 rats
  A plant (D:1)
91 creatures vanquished.

Notes
Turn   | Place    | Note
--------------------------------------------------------------
     0 | D:1      | IcyTea the Demonspawn Hunter began the quest for the Orb.
     0 | D:1      | Reached XP level 1. HP: 16/16 MP: 1/1
   264 | D:1      | Reached skill level 4 in Crossbows
   272 | D:1      | Gained mutation: You have sharp fingernails. [demonic ancestry]
   272 | D:1      | Reached XP level 2. HP: 18/22 MP: 2/2
   991 | D:1      | Gained mutation: You have large cloven feet. [demonic ancestry]
   991 | D:1      | Reached XP level 3. HP: 2/27 MP: 3/3
  2027 | D:2      | Found an iron altar of Okawaru.
  2390 | D:1      | Reached skill level 5 in Crossbows
  2413 | D:2      | Gained mutation: You have hoof-like feet. [demonic ancestry]
  2413 | D:2      | Reached XP level 4. HP: 19/33 MP: 4/4
  2617 | D:2      | Reached skill level 1 in Maces & Flails
  3296 | D:3      | Gained mutation: You have a pair of small horns on your head. [demonic ancestry]
  3296 | D:3      | Reached XP level 5. HP: 21/38 MP: 3/5
  3528 | D:3      | Found a sparkling altar of Nemelex Xobeh.
  3544 | D:3      | Became a worshipper of Nemelex Xobeh the Trickster
  3571 | D:3      | Received a gift from Nemelex Xobeh
  4166 | D:3      | Found a stormy altar of Qazlal.
  4517 | D:3      | Received a gift from Nemelex Xobeh
  4624 | D:4      | Found a sacrificial altar of Ru.
  4640 | D:4      | Found a white marble altar of Elyvilon.
  4745 | D:4      | Gained mutation: You have very sharp fingernails. [demonic ancestry]
  4745 | D:4      | Reached XP level 6. HP: 43/44 MP: 6/6
  4749 | D:4      | Found Leaxtausoh's Magic Scroll Emporium.
  4757 | D:4      | Bought a scroll of teleportation for 39 gold pieces
  4770 | D:4      | Reached * piety under Nemelex Xobeh
  4802 | D:3      | HP: 2/44 [poisoned by a worker ant]
  4803 | D:3      | Succumbed to a worker ant's poison

Skill      XL: |  1  2  3  4  5 |
---------------+----------------+-----
Crossbows      | 4 5 |  5.1
Maces & Flails | 2 3 |  3.9
Fighting       | |  2.0
Dodging        | |  1.7
Stealth        | |  0.8

Action                   |  1- 3 |  4- 6 || total
-------------------------+-------+-------++-------
Melee: Short sword       |   173 |       ||   173
       Hand crossbow     |     7 |       ||     7
       Whip              |    52 |   113 ||   165
       Kick              |    21 |    35 ||    56
       Flail             |       |    60 ||    60
       Headbutt          |       |    12 ||    12
 Fire: Hand crossbow     |    34 |    18 ||    52
Evoke: Deck              |       |     1 ||     1
  Use: Scroll            |     1 |     6 ||     7
       Potion            |     1 |     8 ||     9
 Stab: Sleeping          |     1 |       ||     1
  Eat: Chunk             |     5 |     7 ||    12
Armor: Leather armour    |    68 |       ||    68
       Ring mail         |    13 |    59 ||    72
       Scale mail        |       |    17 ||    17
Dodge: Dodged            |   158 |    94 ||   252
